 Dungeon Crawl Stone Soup version 0.13.0-6-g40e4d2d (webtiles) character file.

296 Piginabag the Cudgeler (level 5, -6/44 (48) HPs)
             Began as a Deep Dwarf Chaos Knight on Oct 15, 2013.
             Was a Plaything of Xom.
             Killed from afar by an orc wizard (7 damage)
             ... with a puff of frost
             ... on Level 4 of the Dungeon.
             The game lasted 00:16:33 (1731 turns).

Piginabag the Cudgeler (Deep Dwarf Chaos Knight)    Turns: 1731, Time: 00:16:33

HP  -6/44 (48)   AC  6     Str 16      XL: 5   Next: 18%
MP   5/5         EV 11     Int 13      God: Xom
Gold 135         SH  0     Dex 12      Spells:  0 memorised,  4 levels left

Res.Fire  : . . .   See Invis. : .   l - +2,+1 mace (drain)
Res.Cold  : . . .   Warding    : .   b - +2 leather armour
Life Prot.: . . .   Conserve   : .   (no shield)
Res.Poison: .       Res.Corr.  : .   q - +0 helmet
Res.Elec. : .       Clarity    : .   (no cloak)
Sust.Abil.: . .     Spirit.Shd : .   (no gloves)
Res.Mut.  : .       Stasis     : .   (no boots)
Res.Rott. : .       Flight     : .   (no amulet)
Saprovore : . . .                    (no ring)
                                     (no ring)

@: non-regenerating, drained, somewhat resistant to hostile enchantments, very
unstealthy
A: damage resistance, recharge devices, sense surroundings 1, slow healing 3
a: Device Recharging, Renounce Religion


You were on level 4 of the Dungeon.
You worshipped Xom.
You were a favourite toy of Xom.
You were not hungry.

You visited 1 branch of the dungeon, and saw 4 of its levels.

You collected 115 gold pieces.

Inventory:

Hand weapons
 a - a +0,+0 dwarven mace of chaos
 e - a +0,+0 giant spiked club
 l - a +2,+1 mace of draining (weapon)
Missiles
 j - 11 stones (quivered)
Armour
 b - a +2 leather armour (worn)
 q - a +0 helmet (worn)
Magical devices
 c - a wand of heal wounds (0)
 p - a wand of magic darts (14)
Comestibles
 d - 3 bread rations
 f - a meat ration
 n - 2 chokos
Scrolls
 g - a scroll of identify
 r - a scroll of curse armour {unknown}
Potions
 h - a potion of heal wounds {unknown}
 i - a potion of curing {unknown}
 k - a potion of restore abilities
 s - a potion of speed


   Skills:
 + Level 3.2(2.7) Fighting
 + Level 4.3(3.8) Maces & Flails
 + Level 3.1(2.6) Armour
 + Level 2.9(2.4) Dodging
 + Level 0.3(0.0) Stealth
 + Level 0.4(0.0) Evocations


You had 4 spell levels left.
You didn't know any spells.

Dungeon Overview and Level Annotations

Branches:
Dungeon (4/27)
 Temple: D:4-7

Altars:

Portals:
Ziggurat: D:4 (3820 gp)

Annotations:
D:4 Sigmund


Innate Abilities, Weirdness & Mutations

You are resistant to damage.
You can recharge devices by infusing magical energy.
You passively map a small area around you.
You do not heal naturally.


Message History

It was a potion of decay.
Xom roars with laughter!
The orc wizard hits you but does no damage.
The hound bites you.
* * * LOW HITPOINT WARNING * * *
The orc wizard closely misses you. The hound bites you but does no damage.
The orc wizard hits you with an orcish dagger.
* * * LOW HITPOINT WARNING * * *
Drink which item? (? for menu, Esc to quit)
You feel refreshed.
It was a potion of restore abilities.
Xom roars with laughter!
Xom's power touches on a nearby weapon.
The orc's orcish short sword is briefly surrounded by a scintillating aura of random colours.
The orc wizard casts a spell at you. The puff of frost hits you!
* * * LOW HITPOINT WARNING * * *
The orc wizard hits you with an orcish dagger.
The orc wizard points at you and mumbles some strange words.
The puff of frost hits you!
You die...
Xom chuckles heartily!

#.* # ######.#####
#...........
#...........
#...........
#...........
#...........
############o<.........
#.....@.o.ghoo.........
#.############.........
*,*⌠*,*_*_*,*#.........
*,8,*,*,*,*,_#..o......
*,,,,,,,,,,,*#....o....
*,,,,,,,,,,,*#.........
**8,*,*,*,*,_#.o.......
**,*_***_*,*#<........
***** *****#.........


You could see a hound, an orc wizard, a gnoll and 3 orcs.

Vanquished Creatures
  An ogre (D:4)
  An orc wizard (D:3)
  An adder (D:2)
  A giant gecko (D:1)
  A ball python (D:2)
  7 bats
  2 giant cockroaches
  9 hobgoblins
  5 jackals
  2 quokkas
  A worm (D:2)
  5 giant newts
  A giant newt skeleton (D:4)
  A goblin (D:2)
  6 kobolds
  A kobold skeleton (D:4)
  An ooze (D:2)
  5 orcs (D:3)
  6 rats
57 creatures vanquished.

Vanquished Creatures (collateral kills)
  2 orcs (D:3)
2 creatures vanquished.

Vanquished Creatures (others)
  A white imp (D:3)
1 creature vanquished.

Grand Total: 60 creatures vanquished

Notes
Turn   | Place    | Note
--------------------------------------------------------------
     0 | D:1      | Piginabag, the Deep Dwarf Chaos Knight, began the quest for the Orb.
     0 | D:1      | Reached XP level 1. HP: 19/19 MP: 1/1
   146 | D:1      | XOM: divination: detect items
   150 | D:1      | Reached XP level 2. HP: 17/26 MP: 2/2
   366 | D:1      | XOM: divination: detect creatures
   392 | D:2      | XOM: harmless Hex miscast
   400 | D:2      | Reached XP level 3. HP: 24/33 MP: 3/3
   839 | D:3      | XOM: harmless Erth miscast
   853 | D:3      | XOM: swap weapons
  1290 | D:3      | XOM: summons 3 friendly demons
  1293 | D:3      | Reached skill level 4 in Maces & Flails
  1293 | D:3      | Reached XP level 4. HP: 19/40 MP: 4/4
  1342 | D:3      | XOM: harmless Conj miscast
  1463 | D:4      | Found a gateway to a ziggurat.
  1463 | D:4      | Noticed an angel
  1540 | D:4      | Noticed an ogre
  1541 | D:4      | XOM: cast spell 'Stoneskin'
  1542 | D:4      | XOM: enchant monster (good)
  1581 | D:4      | Killed an ogre
  1581 | D:4      | Reached XP level 5. HP: 19/48 MP: 5/5
  1624 | D:4      | Noticed Sigmund
  1723 | D:4      | XOM: silly message
  1727 | D:4      | HP: 2/44 [orc wizard/orcish dagger (2)]
  1728 | D:4      | XOM: chaos upgrade
  1731 | D:4      | Killed from afar by an orc wizard

Action                   |  1- 3 |  4- 6 || total
-------------------------+-------+-------++-------
Melee: Mace              |   115 |    38 ||   153
       Club              |    34 |       ||    34
Throw: Stone             |     5 |       ||     5
Evoke: Wand              |     3 |     2 ||     5
  Use: Scroll            |     6 |     3 ||     9
       Potion            |       |     2 ||     2
 Stab: Distracted        |     1 |       ||     1
